 Dungeon Crawl Stone Soup version 0.31.0-11-ge490571c62 (webtiles) character file.

Game seed: 10769698179853811280

212 qw the Shooter (level 5, -13/26 HPs)
             Began as a Spriggan Hunter on Feb 4, 2024.
             Killed from afar by an orc wizard (14 damage)
             ... with a puff of flame
             ... on level 4 of the Dungeon.
             The game lasted 00:00:09 (2078 turns).

qw the Shooter (Spriggan Hunter)                    Turns: 2078, Time: 00:00:09

Health: -13/26     AC:  2    Str:  7    XL:     5   Next: 58%
Magic:  6/6        EV: 20    Int: 11    God:
Gold:   189        SH:  0    Dex: 20    Spells: 4/4 levels left

rFire   . . .        a - +1 shortbow
rCold   . . .        (shield currently unavailable)
rNeg    . . .        c - +0 robe
rPois   .            (helmet restricted)
rElec   .            (no cloak)
rCorr   .            (gloves unavailable)
SInv    +            (boots unavailable)
Will    .....        (no amulet)
Stlth   ++           (no ring)
HPRegen 0.24/turn    (no ring)
MPRegen 0.10/turn

%: no passive effects
@: about to teleport, very quick
A: very small, no large weapons, unfitting armour, see invisible, speed 3
a: no special abilities


You were on level 4 of the Dungeon.
You visited 1 branch of the dungeon, and saw 4 of its levels.

You collected 189 gold pieces.


Innate Abilities, Weirdness & Mutations

You are very small and have problems with some larger weapons.
You are too small for most types of armour.
You have supernaturally acute eyesight. (SInv)
You cover ground extremely quickly. (Speed+++)


   Skills:
 - Level 2.0 Fighting
 + Level 5.8 Ranged Weapons
 - Level 5.2 Dodging
 - Level 1.5 Stealth


You had 4 spell levels left.
You didn't know any spells.
Your spell library was empty.

Inventory:

Hand Weapons
 a - a +1 shortbow (weapon)
Armour
 c - a +0 robe (worn)
Jewellery
 d - a ring of magical power
Wands
 i - a wand of iceblast (11)
 j - a wand of flame (27)
Scrolls
 e - 2 scrolls of teleportation
Potions
 b - 5 potions of curing
 f - a potion of berserk rage {unknown}
 g - a potion of lignification {unknown}

Dungeon Overview and Level Annotations

Branches:
Dungeon (4/15)
 Temple: D:4-7

Altars:
The Shining One

Shops:
D:3 [


Message History

The orc shouts!
The arrow hits the sleepcap.
The sleepcap is lightly damaged.
You shoot an arrow.
The arrow hits the sleepcap but does no damage.
The sleepcap is lightly damaged.
The sleepcap completely misses you.
An adder comes into view.
You shoot an arrow. The adder hisses angrily.
The arrow hits the sleepcap.
The sleepcap is lightly damaged.
The sleepcap closely misses you.
You shoot an arrow.
The arrow hits the sleepcap but does no damage.
The sleepcap is lightly damaged.
The sleepcap releases spores at you!
You shoot an arrow. The arrow hits the sleepcap.
The sleepcap is moderately damaged.
The sleepcap completely misses you.
You shoot an arrow. The arrow hits the sleepcap.
The sleepcap is moderately damaged.
The sleepcap releases spores at you.
You are engulfed in a cloud of soporific spores!
You fall asleep.
The orc wizard hits you with a +0 dagger.
You wake up.
The sleepcap releases spores at you.
You are engulfed in a cloud of soporific spores!
You are unaffected.
2077 ||| READING 3 scrolls of teleportation.
As you read the scroll of teleportation, it crumbles to dust.
You feel strangely unstable. The sleepcap releases spores at you.
The orc wizard misses you.
You shoot an arrow. The arrow hits the sleepcap!
The sleepcap is heavily damaged.
The sleepcap completely misses you.
The orc wizard points at you and mumbles some strange words.
The puff of flame hits you!
Ouch! That really hurt!
You die...

##### ###
#.#.#####.#
#......).)####
#...#####...))
#####...#
#####.
#...#.#.# #.
#.#.....# ##
#@#####.#
#fo...#.#
oS###.#.# .#..
... ..... ##
### .. ....
.... .#. ....
#.. #.. #...##
...# . #


You could see a sleepcap, an orc wizard, an adder and an orc.

Vanquished Creatures
  Natasha (thrice) (D:3)
  An orc wizard (D:4)
  Robin (D:4)
  2 adders (D:3)
  3 dart slugs
  A ribbon worm (D:3)
  An orc (D:4)
  4 ball pythons
  4 bats (D:2)
  7 endoplasms
  5 giant cockroaches
  6 goblins
  11 hobgoblins
  2 jackals (D:3)
  5 quokkas
  11 frilled lizards
  3 kobolds
  6 rats
76 creatures vanquished.

Notes
Turn   | Place    | Note
-------+----------+-------------------------------------------
     0 | D:1      | qw the Spriggan Hunter began the quest for the Orb.
     0 | D:1      | Reached XP level 1. HP: 10/10 MP: 2/2
     0 | D:1      | 0 ||| qw: Version: 0.3-a-160-g6735b56
     0 | D:1      | 0 ||| qw: Game counter: 5344
     0 | D:1      | 0 ||| qw: Melee chars always use a shield: true
     0 | D:1      | 0 ||| qw: God list: Okawaru
     0 | D:1      | 0 ||| qw: Allow faded altars: false
     0 | D:1      | 0 ||| qw: Do Orc after clearing Dungeon:15 true
     0 | D:1      | 0 ||| qw: Do second Lair branch before Depths: true
     0 | D:1      | 0 ||| qw: Lair rune preference: random
     0 | D:1      | 0 ||| qw: Goals: Normal
     0 | D:1      | 0 ||| PLANNING D:1-11
    22 | D:1      | Reached skill level 3 in Dodging
    93 | D:1      | Reached XP level 2. HP: 14/14 MP: 3/3
    97 | D:1      | You fall into a shaft and drop 1 floor!
   138 | D:2      | 138 ||| READING scroll labelled HIPAEPIXIU.
   138 | D:2      | 138 ||| IDENTIFYING scroll labelled BUJONOE BONLI
   139 | D:2      | 139 ||| DROPPING scroll of butterflies.
   146 | D:2      | 146 ||| STAIRDANCE
   346 | D:1      | 346 ||| DRINKING 2 emerald potions.
   481 | D:2      | Reached XP level 3. HP: 15/18 MP: 4/4
  1242 | D:2      | 1242 ||| READING scroll labelled XISTRUFROAG.
  1243 | D:2      | 1243 ||| READING scroll labelled AKE BECKEOVOYRGH.
  1243 | D:2      | 1243 ||| ENCHANTING +0 shortbow.
  1464 | D:3      | Found Acloth's Antique Armour Shoppe.
  1490 | D:3      | Noticed Natasha
  1496 | D:3      | Killed Natasha
  1497 | D:3      | Reached XP level 4. HP: 22/22 MP: 5/5
  1721 | D:3      | Noticed Natasha
  1733 | D:3      | Killed Natasha
  1750 | D:3      | Noticed Natasha
  1752 | D:3      | 1752 ||| ZAPPING wand of iceblast (12) at 4,-3 (Natasha;
                  | floor).
  1752 | D:3      | Killed Natasha
  1753 | D:3      | Reached XP level 5. HP: 26/26 MP: 6/6
  1933 | D:3      | Found a glowing golden altar of the Shining One.
  1934 | D:3      | 1934 ||| READING scroll of identify.
  1934 | D:3      | 1934 ||| IDENTIFYING yellow potion
  1935 | D:3      | 1935 ||| READING scroll labelled ALISISEUSA.
  1935 | D:3      | 1935 ||| ENCHANTING +1 shortbow.
  1936 | D:3      | 1936 ||| DROPPING potion of brilliance.
  1989 | D:4      | Noticed Robin
  2001 | D:4      | Killed Robin
  2076 | D:4      | HP: 5/26 [sleepcap (6)]
  2077 | D:4      | 2077 ||| READING 3 scrolls of teleportation.
  2077 | D:4      | HP: 1/26 [sleepcap (4)]
  2078 | D:4      | Killed from afar by an orc wizard

Levels and vault maps discovered:
D:1:      spicycebolla_arrival_clurvy, layout_rooms
D:2:      layout_loops_corners, minmay_lizard_king
D:3:      layout_loops_ring, tso_oasis_becter, serial_shops, shop, uniq_natasha
D:4:      layout_basic, kennysheep_ying_yang, zin_scriptorium,
          gammafunk_temple_overflow_statue, uniq_robin

Skill      XL: |  1  2  3  4 |
---------------+-------------+-----
Dodging        | 3 4 5 |  5.2
Ranged Weapons | 5 |  5.8
Fighting       | 2 |  2.0
Stealth        | |  1.5

Action                     |  1- 3 |  4- 6 || total
---------------------------+-------+-------++-------
   Fire: Shortbow          |   124 |    73 ||   197
  Evoke: Wand              |       |     1 ||     1
    Use: Scroll            |     3 |     3 ||     6
         Potion            |     1 |       ||     1
 Armour: Robe              |     5 |    17 ||    22
  Dodge: Dodged            |    30 |    30 ||    60

Table legend:
 A = Non-vault XP
 B = Vault XP
 C = Vault XP percentage of total XP
 D = Non-vault monster count
 E = Vault monster count
 F = Vault count percentage of total count
                 A         B        C        D         E       F
            +---------+---------+-------+---------+---------+-------
      Total |     225 |      79 |  26.0 |      56 |      20 |  26.3
            +---------+---------+-------+---------+---------+-------
        D:1 |      27 |       0 |   0.0 |      14 |       0 |   0.0
        D:2 |      38 |       8 |  17.4 |      23 |       8 |  25.8
        D:3 |     120 |      36 |  23.1 |      16 |       1 |   5.9
        D:4 |      40 |      35 |  46.7 |       3 |      11 |  78.6
            +---------+---------+-------+---------+---------+-------
